 Dungeon Crawl Stone Soup version 0.23-b1-84-g6588a6b (webtiles) character file.

Game seed: 8485846857700590472

258 Fang the Skirmisher (level 6, -2/39 HPs)
             Began as a Gargoyle Berserker on Feb 8, 2019.
             Was a Believer of Trog.
             Slain by an orc wizard
             ... wielding a +0 dagger
              (3 damage)
             ... on level 3 of the Dungeon.
             The game lasted 00:03:30 (1875 turns).

Fang the Skirmisher (Gargoyle Berserker)            Turns: 1875, Time: 00:03:30

Health: -2/39      AC:  6    Str: 23    XL:     6   Next: 16%
Magic:  6/6        EV: 12    Int:  7    God:    Trog [**....]
Gold:   112        SH:  0    Dex:  9    Spells: 5/5 levels left

rFire    . . .     SeeInvis .   a - +0 mace
rCold    . . .     Gourm    .   (no shield)
rNeg     + . .     Faith    .   b - +0 animal skin
rPois    ∞         Spirit   .   (no helmet)
rElec    +         Reflect  .   (no cloak)
rCorr    .         Harm     .   (no gloves)
MR       .....                  (no boots)
Stlth    +.........             (no amulet)
HPRegen  0.13/turn              (no ring)
MPRegen  0.10/turn              (no ring)

@: berserk cooldown, slowed, very slow
A: negative energy resistance 1, electricity resistance, unbreathing,
petrification resistance, rot immunity, AC +4
a: Berserk, Trog's Hand, Renounce Religion


You were on level 3 of the Dungeon.
You worshipped Trog.
Trog was pleased with you.
You were hungry.

You visited 1 branch of the dungeon, and saw 3 of its levels.

You collected 112 gold pieces.

Inventory:

Hand Weapons
 a - a +0 mace (weapon)
Armour
 b - a +0 animal skin (worn)
Jewellery
 f - a +4 amulet of reflection {unknown}
Scrolls
 d - 4 scrolls of remove curse {unknown}
 g - a scroll of teleportation {unknown}
 i - a scroll of immolation {unknown}
 j - 2 scrolls of identify {unknown}
 m - a scroll of enchant armour {unknown}
Potions
 e - 2 potions of cancellation {unknown}
 h - a potion of magic {unknown}
 l - a potion of might {unknown}
Comestibles
 c - 7 rations
 k - 6 chunks of flesh


   Skills:
 + Level 4.6 Fighting
 + Level 4.2 Maces & Flails
 + Level 3.8 Armour
 + Level 2.9 Dodging


You had 5 spell levels left.
You didn't know any spells.
Your spell library was empty.

Dungeon Overview and Level Annotations

Branches:
Dungeon (3/15)

Altars:


Innate Abilities, Weirdness & Mutations

You are resistant to torment.
Your stone body is resilient. (AC +4)
You are immune to poison.
You resist negative energy. (rN+)
You are resistant to electric shocks. (rElec)
You can survive without breathing.
You are immune to petrification.
You are immune to rotting.


Message History

The magic dart hits you.
* * * LOW HITPOINT WARNING * * *
You hit the orc.
The orc is almost dead.
The orc hits you but does no damage.
The orc wizard mumbles some strange words.
The orc wizard seems to speed up.
The orc closely misses you. The orc wizard barely misses you.
You thump the orc!
You kill the orc!
Trog accepts your kill.
The orc wizard hits you with a +0 dagger.
* * * LOW HITPOINT WARNING * * *
The orc wizard closely misses you.
You closely miss the orc.
The orc wizard hits you with a +0 dagger.
* * * LOW HITPOINT WARNING * * *
The orc misses you.
The orc wizard hits you with a +0 dagger.
You die...

#. . # ### (#
#.##.. .
#.#...## .#
#$.#.#.##.#
#.....)...#
#.#.#)o#######
#....@oo.....
##.#.########
#.#.# #.#.#
#.#.# #.#.#
#.#.######
#.#......#
#....###.#


You could see an orc wizard and 2 orcs.

Vanquished Creatures
  Sigmund (D:2)
  3 gnolls (D:3)
  2 adders
  3 dart slugs
  A leopard gecko (D:2)
  3 orcs
  A ball python (D:2)
  6 giant cockroaches (D:1)
  5 goblins
  5 hobgoblins
  6 kobolds
  6 bats
  5 rats
47 creatures vanquished.

Notes
Turn   | Place    | Note
-------+----------+-------------------------------------------
     0 | D:1      | Fang the Gargoyle Berserker began the quest for the Orb.
     0 | D:1      | Reached XP level 1. HP: 14/14 MP: 1/1
   261 | D:1      | Reached XP level 2. HP: 19/19 MP: 2/2
   753 | D:1      | Reached XP level 3. HP: 23/23 MP: 3/3
  1056 | D:2      | Noticed Sigmund
  1072 | D:2      | Killed Sigmund
  1072 | D:2      | Reached ** piety under Trog
  1072 | D:2      | Reached XP level 4. HP: 7/30 MP: 4/4
  1072 | D:2      | Reached XP level 5. HP: 8/34 MP: 5/5
  1848 | D:3      | Reached XP level 6. HP: 34/39 MP: 6/6
  1875 | D:3      | HP: 1/39 [orc wizard/+0 dagger (1)]
  1875 | D:3      | Slain by an orc wizard

Skill      XL: |  1  2  3 |
---------------+----------+-----
Dodging        | 2 |  2.9
Fighting       | 4 |  4.6
Maces & Flails | 4 |  4.2
Armour         | 3 |  3.8

Action                   |  1- 3 |  4- 6 || total
-------------------------+-------+-------++-------
Melee: Mace              |   100 |    62 ||   162
Invok: Berserk           |     1 |     1 ||     2
 Stab: Sleeping          |     1 |       ||     1
  Eat: Chunk             |     1 |     3 ||     4
Armor: Animal skin       |    57 |    27 ||    84
Dodge: Dodged            |    97 |    73 ||   170
